 Seeded DCSS version 0.29.1-12-g30fa7ad0bf (webtiles) character file.

Game seed: 9845822215292249863 (custom seed)

122330 hikkokomori the Devastator (level 16, -2/112 HPs)
             Began as an Octopode Conjurer on Jan 7, 2023.
             Was an Initiate of Gozag.
             Slain by a +0 demon trident of pain (24 damage)
             ... on level 12 of the Dungeon.
             The game lasted 01:13:48 (28093 turns).

hikkokomori the Devastator (Octopode Conjurer)     Turns: 28093, Time: 01:13:48

Health: -2/112     AC:  5    Str:  0 (2)  XL:     16   Next: 87%
Magic:  33/42      EV: 18    Int: 37      God:    Gozag
Gold:   1685       SH:  7    Dex: 19      Spells: 6/41 levels left

rFire   + + .      SeeInvis +   k - staff of conjuration
rCold   + . .      Faith    .   A - +1 buckler {rF+}
rNeg    + + +      Spirit   .   (helmet restricted)
rPois   +          Reflect  .   x - amulet of magic regeneration
rElec   .          Harm     .   i - ring of willpower
rCorr   +          Rampage  .   f - ring "Niuqi" {rCorr AC+4 Str+2 Int+3 Dex+2}
Will    ++...      Archmagi +   j - ring of the Tick {Ice Drain MP+9 Int+5 Stlth+}
Stlth   +++++++...              Z - ring "Peacsura" {rC+ rN++ Str-4}
HPRegen 0.00/turn               C - ring of Hol Uxosm {Wiz rN+ Str-3 Int+4 Dex+4}
MPRegen 0.68/turn               K - ring of fire
                                Y - ring of Vuzodyeh {rPois rF+ rCorr Slay-2 SInv}
                                W - ring of the Mage {Wiz Archmagi}

@: gold aura, inhibited regen, slowed, lost strength, very slow
A: almost no armour, amphibious, 8 rings, camouflage 1, gelatinous body 1,
(nimble swimmer 1), tentacles
a: Renounce Religion, Potion Petition, Call Merchant, Bribe Branch


You were on level 12 of the Dungeon.
You worshipped Gozag.
Gozag was most pleased with you.
You visited 5 branches of the dungeon, and saw 24 of its levels.

You collected 7448 gold pieces.
You spent 2537 gold pieces at shops.
You paid 3226 gold pieces to Gozag.

Inventory:

Missiles
 Q - 4 throwing nets
Armour
 A - a +1 buckler of fire resistance (worn)
Magical Staves
 k - a staff of conjuration (weapon)
Jewellery
 f - the ring "Niuqi" (right tentacle) {rCorr AC+4 Str+2 Int+3 Dex+2}
   (You acquired it on level 1 of the Dungeon)

   [ring of protection]

   AC:        It affects your AC (+4).
   Str:       It affects your strength (+2).
   Int:       It affects your intelligence (+3).
   Dex:       It affects your dexterity (+2).
   rCorr:     It protects you from acid and corrosion.
 h - an amulet of the acrobat
 i - a ring of willpower (left tentacle)
 j - the ring of the Tick (on tentacle) {Ice Drain MP+9 Int+5 Stlth+}
   (You acquired it on level 1 of the Dungeon)

   [ring of ice]

   It enhances your ice magic.
   Int:       It affects your intelligence (+5).
   rF:        It makes you vulnerable to fire.
   rC:        It protects you from cold.
   MP:        It affects your magic capacity (+9).
   Drain:     It drains your maximum health when unequipped.
   Stlth:     It makes you more stealthy.
 x - an amulet of magic regeneration (around mantle)
 C - the ring of Hol Uxosm (on tentacle) {Wiz rN+ Str-3 Int+4 Dex+4}
   (You bought it in a shop on level 2 of the Orcish Mines)

   [ring of wizardry]

   It improves your spell success rate.
   Str:       It affects your strength (-3).
   Int:       It affects your intelligence (+4).
   Dex:       It affects your dexterity (+4).
   rN:        It protects you from negative energy.
 K - a ring of fire (on tentacle)
 M - a ring of see invisible
 P - an amulet of regeneration
 W - the ring of the Mage (on tentacle) {Wiz Archmagi}
   (You found it on level 5 of the Lair of Beasts)

   [ring of wizardry]

   It improves your spell success rate.
   Archmagi:  It increases the power of your magical spells.
 Y - the ring of Vuzodyeh (on tentacle) {rPois rF+ rCorr Slay-2 SInv}
   (You bought it in a shop on level 2 of the Orcish Mines)

   [ring of resist corrosion]

   Slay:      It affects your accuracy & damage with ranged weapons and melee
   (-2).
   rF:        It protects you from fire.
   rPois:     It protects you from poison.
   SInv:      It lets you see invisible.
   rCorr:     It protects you from acid and corrosion.
 Z - the ring "Peacsura" (on tentacle) {rC+ rN++ Str-4}
   (You bought it in a shop on level 2 of the Orcish Mines)

   [ring of protection from cold]

   Str:       It affects your strength (-4).
   rC:        It protects you from cold.
   rN:        It greatly protects you from negative energy.
Wands
 c - a wand of light (15)
 t - a wand of roots (16)
 w - a wand of charming (11)
 y - a wand of mindburst (10)
 E - a wand of polymorph (11)
 F - a wand of flame (7)
 U - a wand of digging (4)
Scrolls
 b - 10 scrolls of teleportation
 g - 8 scrolls of amnesia
 l - 5 scrolls of blinking
 n - 2 scrolls of poison
 q - 5 scrolls of fear
 s - 10 scrolls of butterflies
 v - 3 scrolls of enchant weapon
 z - 2 scrolls of magic mapping
 B - 4 scrolls of vulnerability
 G - 2 scrolls of enchant armour
 I - 2 scrolls of summoning
 O - 2 scrolls of identify
 R - 2 scrolls of silence
 V - a scroll of torment
Potions
 a - 6 potions of magic
 d - 4 potions of heal wounds
 e - 9 potions of curing
 m - a potion of ambrosia {unknown}
 o - a potion of brilliance
 p - 4 potions of lignification
 r - 4 potions of might
 u - 3 potions of mutation
 D - 3 potions of flight
 H - 3 potions of haste
 J - a potion of resistance
 L - 5 potions of cancellation
 S - a potion of invisibility
 T - 2 potions of degeneration


   Skills:
 + Level 11.0 Fighting
 - Level 8.2 Dodging
 - Level 11.1 Stealth
 - Level 7.2 Shields
 - Level 13.3 Spellcasting
 - Level 17.2 Conjurations
 - Level 5.6 Fire Magic
 + Level 7.0 Air Magic
 + Level 0.5 Evocations


You had 6 spell levels left.
You knew the following spells:

 Your Spells              Type           Power      Damage    Failure   Level
a - Magic Dart            Conj           100%       1d8       0%          1
b - Searing Ray           Conj           100%       2d8       0%          2
c - Dazzling Flash        Conj/Hex       100%       N/A       1%          3
d - Iskenderun's Battles  Conj           100%       2d15      1%          5
e - Stone Arrow           Conj/Erth      100%       3d13      1%          3
f - Fireball              Conj/Fire      76%        3d28      1%          5
g - Orb of Destruction    Conj           74%        9d17      1%          7
h - Chain Lightning       Conj/Air       65%        3d87      95%         9

Your spell library contained the following spells:

 Spells                   Type           Power      Damage    Failure   Level
 Freeze                   Ice            100%       1d11      1%          1
 Necrotise                Necr           100%       1d9       1%          1
 Slow                     Hex            100%       N/A       1%          1
 Call Imp                 Summ           36%        N/A       1%          2
 Poisonous Vapours        Pois/Air       100%       N/A       1%          2
 Scorch                   Fire           100%       2d10      1%          2
 Sublimation of Blood     Necr           36%        N/A       1%          2
 Confusing Touch          Hex            36%        N/A       1%          3
 Conjure Flame            Conj/Fire      100%       6-21      1%          3
 Frozen Ramparts          Ice            100%       1d16      1%          3
 Gell's Gravitas          Tloc           36%        N/A       1%          3
 Lesser Beckoning         Tloc           36%        N/A       1%          3
 Mephitic Cloud           Conj/Pois/Air  100%       N/A       1%          3
 Teleport Other           Tloc           36%        N/A       1%          3
 Tukima's Dance           Hex            36%        N/A       1%          3
 Vampiric Draining        Necr           36%        2d8       1%          3
 Airstrike                Air            43%        2d(7-23)  1%          4
 Flame Wave               Conj/Fire      100%       2d21      1%          4
 Fulminant Prism          Conj/Hex       57%        3d25      1%          4
 Hailstorm                Conj/Ice       100%       3d20      1%          4
 Iskenderun's Mystic Bla  Conj/Tloc      100%       2d19      1%          4
 Sticky Flame             Conj/Fire      100%       2d11      1%          4
 Starburst                Conj/Fire      76%        6d20      1%          6
 Borgnjor's Vile Clutch   Necr/Erth      18%        N/A       14%         5
 Lee's Rapid Deconstruct  Erth           18%        3d12*     14%         5
 Summon Forest            Summ/Tloc      18%        N/A       14%         5
 Summon Mana Viper        Hex/Summ       36%        N/A       14%         5
 Eringya's Noxious Bog    Tmut/Pois      18%        N/A       56%         6
 Summon Cactus Giant      Summ           18%        N/A       56%         6
 Maxwell's Capacitive Co  Air            43%        ∞         82%         8
 Summon Hydra             Summ           18%        N/A       97%         7
 Corpse Rot               Necr/Pois/Air  Unusable   N/A       N/A         4
 Animate Armour           Summ/Erth      Unusable   N/A       N/A         4

Dungeon Overview and Level Annotations

Branches:
Dungeon (12/15)            Temple (1/1) D:4            Lair (5/5) D:10
  Swamp (4/4) Lair:3       Spider (0/4) Lair:2        Slime (0/5) Lair:4
    Orc (2/2) D:10            Elf (0/3) Orc:2

Altars:
Ashenzari
Cheibriados
Dithmenos
Elyvilon
Fedhas
Gozag
Hepliaklqana
Kikubaaqudgha
Makhleb
Nemelex Xobeh
Okawaru
Qazlal
Ru
Sif Muna
Trog
Uskayaw
Vehumet
Wu Jian
Xom
Yredelemnul
Zin
The Shining One

Shops:
D:7 ?   D:10 [*   Orc:1 [   Orc:2 ((?*?(=

Portals:
Trove: D:12 (give +6 demon blade)

Annotations:
D:11 2 transporters, Sanktem7's ghost, journeyman MiFi


Innate Abilities, Weirdness & Mutations

You cannot wear most types of armour.
You are amphibious.
You can wear up to eight rings at the same time.
Your skin changes colour to match your surroundings (Stealth+).
Your rubbery body absorbs attacks. (AC +1, EV +1)
((You are camouflaged when in or above water. (Stealth+)))
You have tentacles for arms and can constrict up to eight enemies at once.


Message History

Aim: a +4 demon whip of pain (50% to hit)
You feel a strong surge of power!
The stone arrow hits the +4 demon whip of pain!!
The +4 demon whip of pain turns to gold and falls from the air.
Your battlesphere fires!
The barrage of energy hits the +0 demon trident of pain but does no damage.
Unknown command.
Casting: Stone Arrow (safe; 1% risk of failure)
Confirm with . or Enter, or press ? or * to list all spells.
Aiming: Stone Arrow (safe; 1% risk of failure)
Press: ? - help, Shift-Dir - straight line, f - +0 demon trident of pain
Aim: a +0 demon trident of pain (ally target, 52% to hit)
You feel a strong surge of power!
The stone arrow hits the +0 demon trident of pain!!
The +0 demon trident of pain is severely damaged.
Your battlesphere fires!
The barrage of energy hits the +0 vampiric demon blade!
The +0 vampiric demon blade is heavily damaged.
The +0 demon trident of pain hits you from afar!!
The +0 vampiric demon blade hits you!!
The +0 demon trident of pain closely misses you.
Unknown command.
Casting: Stone Arrow (safe; 1% risk of failure)
Confirm with . or Enter, or press ? or * to list all spells.
Aiming: Stone Arrow (safe; 1% risk of failure)
Press: ? - help, Shift-Dir - straight line, f/p - +0 demon trident of pain
Aim: a +0 demon trident of pain (severely damaged, ally target, 52% to hit)
You feel a strong surge of power!
The stone arrow misses the +0 vampiric demon blade.
The stone arrow misses the +0 demon trident of pain.
Your battlesphere fires!
The barrage of energy hits the +0 demon trident of pain!
The +0 demon trident of pain is almost destroyed.
The +0 vampiric demon blade closely misses you.
The +0 demon trident of pain hits you from afar!!
The +0 vampiric demon blade hits you!!
* * * LOW HITPOINT WARNING * * *
The +0 demon trident of pain hits you from afar!!
You die...
Your body crumbles into a pile of gold.

###.........###########...###....
............##.............##....
............##.............##....
....####...................##....
.................#########.''....
.###.............##..... #.##....
.# #......#####.##...... ####....
.# ##............#(..... #....
.#####......###.@(...⌠.. ####....
.....+........+..#...... #.......
..####......###..#...*.. #...####
.................##..... #.......
..#####..........#########...####
#'#####..........#.#.#.#...#### #
.................#.#.#........###
..............................+..
.≈.........§≈§................###


You could see 2 dancing weapons and a friendly battlesphere.

Vanquished Creatures
  Mara (Swamp:4)
  Bai Suzhen (Swamp:3)
  3 thorn hunters
  The ghost of cheesebisquit the Executioner, a journeyman MiBe of Trog (Orc:2)
  Azrael (Orc:2)
  2 bunyips (Swamp:3)
  The ghost of ctx the Thaumaturge, a journeyman GnEE of Cheibriados (Orc:1)
  Harold (D:10)
  A shambling mangrove (Swamp:2)
  9 hydras
  2 boulder beetles
  Erolcha (Orc:1)
  2 catoblepae
  A merfolk avatar (Lair:5)
  8 alligators
  A two-headed ogre (Orc:1)
  2 dancing weapons
  4 death yaks
  Nergalle (D:10)
  4 spriggans
  3 orc high priests (Orc:2)
  3 swamp dragons
  5 goliath frogs
  3 skeletal warriors (D:11)
  2 sea snakes (Lair:5)
  A harpy (Lair:5)
  4 orange crystal statues (D:11)
  The ghost of FizzleBangTC the Digger, a novice MeEE (D:7)
  4 orc knights (Orc:2)
  Pikel (D:4)
  5 orc sorcerers (Orc:2)
  2 cyclopes
  4 will-o-the-wisps (Swamp:3)
  4 black mambas
  6 elephants
  A gargoyle (D:12)
  An unseen horror (D:11)
  17 cane toads
  10 rime drakes
  7 komodo dragons
  3 polar bears
  A bloated husk (Swamp:1)
  2 guardian mummies (D:12)
  2 trolls
  8 tyrant leeches
  3 wind drakes (Lair:5)
  Grinder (D:6)
  13 dream sheep
  8 hornets
  A snapping turtle (Lair:5)
  9 blink frogs
  A wraith (D:12)
  3 wyverns
  63 yaks
  Eustachio (D:4)
  4 fire elementals (Orc:2)
  3 vampire mosquitoes (D:12)
  4 steam dragons
  3 basilisks
  Menkaure (D:4)
  6 wargs
  3 hell hounds (Orc:2)
  2 acid dragons (D:12)
  14 swamp worms
  18 water moccasins
  15 orc warriors
  A swamp drake (Swamp:2)
  An ice beast (D:5)
  A black bear (D:5)
  A sky beast (D:7)
  4 ogres
  15 wolves
  3 centaurs
  8 kobold brigands
  A lemure (D:4)
  A necrophage (D:5)
  22 bullfrogs
  2 scorpions
  7 wights
  7 howler monkeys
  An electric eel (Lair:1)
  2 jellies
  3 hounds
  2 gnoll boudas
  12 orc priests
  2 iguanas
  Natasha (thrice) (D:3)
  19 orc wizards
  7 adders
  15 gnolls
  A shadow imp (D:7)
  2 ufetubi (D:5)
  A worm (D:2)
  2 dart slugs (D:1)
  61 orcs
  8 endoplasms
  3 giant cockroaches
  2 goblins (D:1)
  4 hobgoblins
  4 jackals (D:5)
  7 quokkas
  6 ball pythons
  9 bats
  4 frilled lizards
  46 kobolds
  5 rats
628 creatures vanquished.

Vanquished Creatures (others)
  A bush (Lair:5)
  8 foxfires (Swamp:3)
  19 fungi
  47 plants
75 creatures vanquished.

Grand Total: 703 creatures vanquished

Notes
Turn   | Place    | Note
-------+----------+-------------------------------------------
     0 | D:1      | hikkokomori the Octopode Conjurer began the quest for the
                  | Orb.
     0 | D:1      | Reached XP level 1. HP: 11/11 MP: 3/3
   115 | D:1      | Reached XP level 2. HP: 8/17 MP: 0/5
   613 | D:1      | Reached XP level 3. HP: 21/21 MP: 3/6
   616 | D:1      | Learned a level 2 spell: Searing Ray
   620 | D:1      | Learned a level 3 spell: Dazzling Flash
  1166 | D:1      | Identified 3 scrolls of acquirement
  1166 | D:1      | Acquired the Teachings on Vapour and Hurting
  1167 | D:1      | Acquired the ring "Niuqi" {rCorr AC+4 Str+2 Int+3 Dex+2}
  1168 | D:1      | Acquired the ring of the Tick {Ice Drain MP+9 Int+5 Stlth+}
  1357 | D:2      | Found a faded altar of an unknown god.
  1480 | D:2      | Reached XP level 4. HP: 27/27 MP: 8/8
  2177 | D:3      | Found the +4 robe of Augmentation {Str+4 Int+4 Dex+4}
  2259 | D:3      | Noticed Natasha
  2264 | D:3      | Killed Natasha
  2417 | D:3      | Reached skill level 5 in Conjurations
  2417 | D:3      | Reached XP level 5. HP: 31/31 MP: 10/10
  2543 | D:3      | Noticed Natasha
  2547 | D:3      | Killed Natasha
  2569 | D:3      | Noticed Natasha
  2574 | D:3      | Killed Natasha
  3355 | D:4      | Noticed Eustachio
  3364 | D:4      | Reached XP level 6. HP: 36/36 MP: 12/12
  3371 | D:4      | Killed Eustachio
  3372 | D:4      | Reached skill level 6 in Conjurations
  3438 | D:4      | Learned a level 5 spell: Iskenderun's Battlesphere
  3442 | D:4      | Reached XP level 7. HP: 38/41 MP: 11/14
  3601 | D:4      | Noticed Pikel
  3610 | D:4      | Killed Pikel
  3611 | D:4      | Reached skill level 5 in Spellcasting
  3611 | D:4      | Reached skill level 7 in Conjurations
  3611 | D:4      | Reached XP level 8. HP: 33/46 MP: 5/16
  3724 | D:4      | Noticed Menkaure
  3726 | D:4      | Killed Menkaure
  3918 | D:4      | Found a staircase to the Ecumenical Temple.
  4183 | Temple   | Entered the Ecumenical Temple
  4378 | Temple   | Became a worshipper of Gozag Ym Sagoz the Greedy
  4547 | D:5      | Entered Level 5 of the Dungeon
  4782 | D:5      | Reached skill level 1 in Shields
  4812 | D:5      | Reached skill level 8 in Conjurations
  5240 | D:5      | Found an ancient bone altar of Kikubaaqudgha.
  5809 | D:5      | Reached XP level 9. HP: 51/51 MP: 19/19
  6306 | D:6      | Noticed Grinder
  6313 | D:6      | Killed Grinder
  6314 | D:6      | Reached skill level 1 in Fighting
  6662 | D:6      | You fall into a shaft and drop 1 floor!
  6663 | D:7      | Acquired hikkokomori's Almanac of Harmful Dark Mysteries
  6675 | D:7      | Learned a level 3 spell: Stone Arrow
  6689 | D:7      | Reached skill level 9 in Conjurations
  6863 | D:7      | Found a runed translucent gate.
  6867 | D:7      | Found a runed translucent gate.
  6868 | D:7      | Found a runed translucent gate.
  6869 | D:7      | Found an opulent altar of Gozag.
  6869 | D:7      | Noticed FizzleBangTC's ghost (novice MeEE)
  7247 | D:7      | Reached skill level 5 in Shields
  7720 | D:7      | Bought a scroll of identify for 28 gold pieces
  7720 | D:7      | Bought a scroll of identify for 28 gold pieces
  8187 | D:8      | Reached XP level 10. HP: 64/64 MP: 20/20
  8613 | D:8      | Found a white marble altar of Elyvilon.
  8620 | D:8      | Found a shadowy altar of Dithmenos.
  8620 | D:8      | Found an ornate altar of the Wu Jian Council.
  8625 | D:8      | Found a blossoming altar of Fedhas.
  8998 | D:8      | Reached skill level 10 in Conjurations
  9171 | D:9      | Reached skill level 5 in Fighting
  9333 | D:9      | Noticed a boulder beetle
  9358 | D:9      | Killed a boulder beetle
  9715 | D:9      | Learned a level 5 spell: Fireball
 10482 | D:10     | Entered Level 10 of the Dungeon
 10487 | D:10     | Reached skill level 1 in Fire Magic
 10776 | D:10     | Reached XP level 11. HP: 74/74 MP: 19/22
 10788 | D:10     | Reached skill level 11 in Conjurations
 11005 | D:10     | Found a staircase to the Lair.
 11483 | D:10     | Found a radiant altar of Vehumet.
 11516 | D:10     | Found a staircase to the Orcish Mines.
 11518 | D:10     | Found Wacaff's Armour Shop.
 12009 | Orc:1    | Entered Level 1 of the Orcish Mines
 12009 | Orc:1    | Noticed Nergalle
 12010 | Orc:1    | Noticed Harold
 12012 | Orc:1    | Noticed a two-headed ogre
 12015 | Orc:1    | Noticed a spectral orc warlord
 12022 | D:10     | Killed Harold
 12024 | D:10     | Killed Nergalle
 12286 | Orc:1    | Noticed a cyclops
 12290 | Orc:1    | Killed a two-headed ogre
 12290 | Orc:1    | Killed a cyclops
 12694 | Orc:1    | Noticed Erolcha
 12699 | Orc:1    | Killed Erolcha
 12736 | Orc:1    | Found a runed translucent door.
 12737 | Orc:1    | Found a shimmering altar of Xom.
 12737 | Orc:1    | Noticed ctx's ghost (journeyman GnEE)
 12738 | Orc:1    | Noticed a +1 war axe of chaos
 12810 | Orc:1    | Found Uthrozu's Antique Armour Shop.
 13146 | D:7      | Killed FizzleBangTC's ghost
 13302 | Orc:2    | Entered Level 2 of the Orcish Mines
 13485 | Orc:2    | Noticed an orc sorcerer
 13487 | Orc:2    | Noticed an orc knight
 13487 | Orc:2    | Killed an orc sorcerer
 13487 | Orc:2    | Noticed an orc sorcerer
 13488 | Orc:2    | Reached skill level 5 in Fire Magic
 13488 | Orc:2    | Reached XP level 12. HP: 83/83 MP: 19/24
 13526 | Orc:2    | Found a staircase to the Elven Halls.
 13537 | Orc:2    | Reached skill level 12 in Conjurations
 13546 | Orc:2    | Noticed Azrael
 13558 | Orc:2    | Killed Azrael
 13573 | Orc:2    | Found Otoewk's Weapon Boutique.
 13888 | Orc:1    | Learned a level 7 spell: Orb of Destruction
 14000 | Orc:2    | Noticed an orc high priest
 14004 | Orc:2    | Noticed a sun demon
 14005 | Orc:2    | Killed an orc high priest
 14021 | Orc:2    | Noticed an orc high priest
 14027 | Orc:2    | Killed an orc high priest
 14031 | Orc:2    | Reached skill level 5 in Dodging
 14044 | Orc:2    | Noticed an orc high priest
 14053 | Orc:2    | Killed an orc high priest
 14181 | Orc:2    | Noticed cheesebisquit's ghost (journeyman MiBe)
 14184 | Orc:2    | Found a runed translucent door.
 14359 | Orc:2    | Found Epeept's Antique Weapon Boutique.
 14364 | Orc:2    | Found Wirgh's Magic Scroll Shoppe.
 14373 | Orc:2    | Bought a scroll of identify for 24 gold pieces
 14373 | Orc:2    | Bought a scroll of summoning for 114 gold pieces
 14373 | Orc:2    | Bought a scroll of blinking for 90 gold pieces
 14373 | Orc:2    | Found Ryunaut's General Store.
 14375 | Orc:2    | Found Uxkumuis's Antique Weapon Boutique.
 14381 | Orc:2    | Bought a scroll of blinking for 105 gold pieces
 14496 | Orc:2    | Bought a scroll of fear for 60 gold pieces
 14496 | Orc:2    | Bought a scroll of blinking for 112 gold pieces
 14496 | Orc:2    | Bought a scroll of fear for 60 gold pieces
 14558 | Lair:1   | Entered Level 1 of the Lair of Beasts
 14627 | Lair:1   | Noticed an eight-headed hydra
 14631 | Lair:1   | Killed an eight-headed hydra
 14685 | Lair:1   | Reached XP level 13. HP: 41/90 MP: 22/26
 15268 | Lair:1   | Reached skill level 10 in Spellcasting
 15692 | Lair:2   | Found a hole to the Spider Nest.
 15755 | Lair:2   | Reached skill level 13 in Conjurations
 15765 | Lair:2   | Reached skill level 10 in Fighting
 16294 | Lair:2   | You fall into a shaft and drop 1 floor!
 17333 | Lair:3   | Found a staircase to the Swamp.
 18239 | Lair:3   | Reached XP level 14. HP: 88/99 MP: 11/28
 19251 | Lair:4   | Reached skill level 14 in Conjurations
 20283 | Lair:4   | Found a staircase to the Slime Pits.
 20476 | Lair:5   | Entered Level 5 of the Lair of Beasts
 20480 | Lair:5   | Reached skill level 15 in Conjurations
 20480 | Lair:5   | Reached XP level 15. HP: 106/106 MP: 31/31
 21475 | Lair:5   | Found the ring of the Mage {Wiz Archmagi}
 21487 | Lair:5   | Identified the +1 sling of the Loving Gods {freeze, rElec
                  | rCorr Int-3}
 21494 | Lair:5   | Identified the +7 trident of Pyuc {chaos, Int+2}
 22289 | Orc:1    | Killed ctx's ghost
 22315 | Orc:1    | Learned a level 9 spell: Chain Lightning
 22439 | Orc:2    | Killed cheesebisquit's ghost
 22672 | Orc:2    | Bought the ring of Vuzodyeh {rPois rF+ rCorr Slay-2 SInv}
                  | for 544 gold pieces
 22674 | Orc:2    | Bought the ring "Peacsura" {rC+ rN++ Str-4} for 545 gold
                  | pieces
 22674 | Orc:2    | Bought the ring of Hol Uxosm {Wiz rN+ Str-3 Int+4 Dex+4}
                  | for 827 gold pieces
 22815 | Swamp:1  | Entered Level 1 of the Swamp
 22822 | Swamp:1  | Reached skill level 5 in Stealth
 22822 | Swamp:1  | Reached skill level 16 in Conjurations
 22822 | Swamp:1  | Reached skill level 1 in Air Magic
 22958 | Swamp:1  | Identified the +0 ring mail of Watchfulness {rF+ rC+ Will+
                  | Stlth-}
 23095 | Swamp:1  | Identified the ring "Boucitoce" {rPois rF- Str+4 Dex+6}
 23560 | Swamp:1  | Reached XP level 16. HP: 112/112 MP: 33/33
 23664 | Swamp:2  | Noticed a thorn hunter
 23668 | Swamp:2  | Killed a thorn hunter
 23886 | Swamp:2  | Noticed a thorn hunter
 23894 | Swamp:2  | Killed a thorn hunter
 24287 | Swamp:2  | Got the Catalogue of the Dynamic Coals
 24660 | Swamp:3  | Noticed Bai Suzhen
 24665 | Swamp:3  | Killed Bai Suzhen
 24666 | Swamp:3  | Reached skill level 5 in Air Magic
 25419 | Swamp:4  | Entered Level 4 of the Swamp
 25419 | Swamp:4  | Noticed Mara
 25423 | Swamp:4  | Noticed a thorn hunter
 25543 | Swamp:4  | Killed a thorn hunter
 25623 | Swamp:4  | Identified the +4 rapier of Gallantry {freeze, Will+ MP-9
                  | Str+7}
 25629 | Swamp:4  | Killed Mara
 25630 | Swamp:4  | Reached skill level 10 in Stealth
 25830 | D:11     | Reached skill level 17 in Conjurations
 25964 | D:11     | Identified the +4 trident "Deeckiax" {pain, *Noise MP+9
                  | Int-5 Stlth+}
 26067 | D:11     | Found a transporter.
 26070 | D:11     | Noticed Sanktem7's ghost (journeyman MiFi)
 26070 | D:11     | Identified the +9 giant spiked club "Zymouts" {venom, MP+9
                  | Str+6 Int+4}
 26074 | D:11     | Found a transporter.
 26314 | D:11     | Identified the +1 robe "Lughuis" {rF+}
 26383 | D:11     | Found a runed translucent door.
 26385 | D:11     | Found the +10 tower shield of Ignorance {rN+ Int-4}
 26397 | D:11     | Found a runed translucent door.
 27497 | D:12     | Lost strength.
 27518 | D:12     | Found a portal to a secret trove of treasure.
 27687 | D:12     | Found a runed translucent door.
 27899 | D:12     | Got the Secrets of Enthralling Stones
 28093 | D:12     | Slain by a +0 demon trident of pain

Illustrated notes

Levels and vault maps discovered:
D:1:      giann_bridges, layout_basic
D:2:      layout_loops_cross, ebering_ecumenical_altar_hall
D:3:      layout_basic, uniq_natasha
D:4:      layout_loops_ring, lemuel_temple_firewalk_a, uniq_pikel,
          uniq_eustachio, uniq_menkaure
D:5:      layout_cave_pods, kennysheep_mini_moat
D:6:      layout_basic, serial_bayou_crossing, uniq_grinder
D:7:      layout_cave_pools, ebering_ghost_gozag, grunt_ministairs_3
D:8:      layout_basic, minitemple
D:9:      layout_long_grid
D:10:     layout_loops_cross, mainiacjoe_overflow_brackets,
          erik_lair_orcish_takeover, orc_david_3
D:11:     layout_long_grid, serial_glass, glass_columns_b, glass_columns_a,
          glass_columns_b, glass_columns_b, glass_columns_a, glass_columns_b,
          glass_columns_c, glass_columns_a, gammafunk_ghost_smash,
          chequers_guarded_unrand_ignorance
D:12:     layout_basic, nicolae_trove_entry_path_of_doom, nicolae_danse_macabre
Temple:   eino_temple_scatter_basement
Lair:1:   layout_gridlike, nicolae_quartered_pool_super,
          chequers_serial_rivers_small_b
Lair:2:   layout_cave_pods, spider_nest_entry_web_field, grunt_megastairs_2,
          lemuel_fruit_tree, infiniplex_staircase_pool_2
Lair:3:   nzn_winding_woodlands_medium [nzn_winding_woodlands_5x5_open_star,
          nzn_winding_woodlands_5x15_jagged,
          nzn_winding_woodlands_5x5_checkerboard,
          nzn_winding_woodlands_5x5_perimeter,
          nzn_winding_woodlands_center_lodge, nzn_winding_woodlands_5x5_cross,
          nzn_winding_woodlands_5x5_closed_star,
          nzn_winding_woodlands_5x15_split_checker,
          nzn_winding_woodlands_5x5_three], layout_loops_ring,
          minmay_swamp_entry_worms
Lair:4:   beast_lair_carwin_large_3, layout_loops_ring, slime_entry_1,
          chequers_serial_rivers_room_b
Lair:5:   gammafunk_lair_ancient_temple, layout_gridlike
Swamp:1:  layout_basic_swamp, evilmike_swamp_ruin_house_5
Swamp:2:  layout_falls_marsh, hangedman_swamp_ruin_wall
Swamp:3:  layout_basic_swamp, evilmike_swamp_ruin_house_1, uniq_bai_suzhen
Swamp:4:  nzn_swamp_witches_coven, layout_basic_swamp, uniq_mara, uniq_donald,
          uniq_louise
Orc:1:    layout_caves, ebering_ghost_xom, serial_shops, nicolae_square_shop,
          uniq_harold, uniq_nergalle, uniq_erolcha
Orc:2:    st_orc_elflike, layout_caves, hellmonk_ghost_happy_afterlife,
          serial_shops, shop, special_room, uniq_azrael

Skill      XL: |  1  2  3  4  5  6  7  8  9 10 11 12 13 14 15 16 |
---------------+-------------------------------------------------+-----
Stealth        | 3 6 11 | 11.1
Spellcasting   | 3 4 5 7 8 9 10 12 13 | 13.3
Conjurations   | 5 6 7 8 9 10 11 12 13 15 16 17 | 17.2
Shields        | 2 5 7 |  7.2
Fighting       | 4 6 8 9 10 11 | 11.0
Fire Magic     | 1 5 |  5.6
Dodging        | 3 6 8 |  8.2
Air Magic      | 2 7 |  7.0
Evocations     | |  0.5

Action                   |  1- 3 |  4- 6 |  7- 9 | 10-12 | 13-15 | 16-18 || total
-------------------------+-------+-------+-------+-------+-------+-------++-------
Melee: Unarmed           |     7 |       |       |       |       |       ||     7
       Constrict         |     3 |       |       |     1 |     2 |       ||     6
       Tentacles         |     1 |       |       |     4 |       |       ||     5
       Staff             |       |       |       |    18 |     6 |       ||    24
 Cast: Magic Dart        |    52 |    88 |   147 |   311 |   400 |    52 ||  1050
       Searing Ray       |       |     3 |     8 |    15 |     8 |       ||    34
       Iskenderun's Batt |       |       |    37 |    57 |    79 |    28 ||   201
       Dazzling Flash    |       |       |     3 |     1 |       |       ||     4
       Fireball          |       |       |       |    24 |    35 |   149 ||   208
       Stone Arrow       |       |       |       |     2 |    43 |    11 ||    56
       Orb of Destructio |       |       |       |       |    13 |    11 ||    24
Invok: Call Merchant     |       |       |     1 |     2 |     1 |       ||     4
Evoke: Wand              |       |       |       |     3 |     1 |       ||     4
  Use: Scroll            |     3 |       |     8 |    14 |     3 |     5 ||    33
       Potion            |       |       |       |     3 |     3 |     1 ||     7
Armor: Skin              |     6 |     5 |     8 |    18 |     9 |     1 ||    47
Dodge: Dodged            |    19 |    13 |    47 |    78 |   124 |    19 ||   300
Block: Buckler           |       |       |     9 |    29 |    45 |    10 ||    93
